Map: Winter Madness LE

Players

Kristoff

  • Race: Terran Terran
  • League: Silver
  • Spawn Location: 5:00

A.I. 1 (Elite) - Winner!

  • Race: Terran Terran
  • Spawn Location: 11:00

VOD

Have the link to the VOD?

Description

Time

  • Played on: April 6, 2026, 1:06 p.m.
  • Length: 9:37
Show
View Real Time Build Order
Export as new Build Order

Kristoff Terran 

Build Orders:  

Get SALT Encoding   

  12  0:00  SCV  
  13  0:13  SCV  
  14  0:18  Supply Depot  
  14  0:25  SCV  
  15  0:29  Refinery  
  15  0:42  Barracks  
  15  0:55  Barracks  
  15  1:00  SCV  
  16  1:12  SCV  
  17  1:29  Barracks Tech Lab  
  17  1:32  Orbital Command  
  17  1:38  Refinery  
  17  1:42  Barracks Tech Lab  
  17  1:53  Factory  
  17  2:00  SCV  
  18  2:07  Marauder  
  20  2:09  Marauder  
  20  2:12  SCV  
  23  2:20  Supply Depot  
  23  2:38  Factory Tech Lab  
  23  2:41  SCV  
  23  2:43  Concussive Shells  
  24  2:45  Marauder  
  24  2:46  Marauder  
  28  2:58  SCV  
  28  3:03  Supply Depot  
  29  3:08  Supply Depot  
  29  3:09  Marauder  
  31  3:25  SCV, Marauder  
  34  3:30  Supply Depot  
  34  3:37  SCV  
  35  3:44  Cyclone  
  38  3:49  SCV  
  38  3:53  Supply Depot  
  39  3:57  Marauder  
  41  4:05  Marauder  
  41  4:08  SCV  
  44  4:16  Supply Depot  
  44  4:18  Marauder  
  44  4:22  Mag-Field Accelerator  
  46  4:27  Cyclone  
  46  4:31  Marauder  
  51  4:42  Marauder  
  53  4:47  Supply Depot, SCV  
  53  4:52  Marauder  
  57  5:00  SCV  
  57  5:02  Cyclone  
  60  5:10  Supply Depot, Marauder  
  60  5:14  Marauder  
  61  5:51  Marauder  
  61  5:52  Marauder  
  61  5:53  Cyclone  
  61  5:54  SCV  
  69  6:00  Command Center  
  69  6:16  Factory  
  69  6:19  SCV  
  70  6:30  Marauder x2  
  70  6:32  Cyclone  
  77  6:40  Stimpack  
  77  6:51  Marauder  
  79  6:56  Refinery  
  79  7:02  SCV, Supply Depot  
  79  7:03  Refinery  
  79  7:04  Factory Tech Lab  
  80  7:15  Orbital Command  
  80  7:17  SCV  
  81  7:27  Marauder x2  
  85  7:31  Cyclone  
  88  7:37  Cyclone  
  88  7:40  SCV  
  88  7:41  SCV  
  93  7:47  Supply Depot  
  93  7:56  SCV x2  
  95  8:10  SCV x2  
  97  8:21  Command Center  
  97  8:25  Supply Depot  
Show
View Real Time Build Order
Export as new Build Order

A.I. 1 (Elite) Terran - Winner!

Build Orders:  

Get SALT Encoding   

  12  0:00  SCV  
  13  0:13  SCV  
  14  0:18  Supply Depot  
  14  0:25  SCV  
  15  0:28  Refinery  
  15  0:39  SCV  
  16  0:47  Barracks  
  16  0:51  SCV  
  17  1:03  SCV  
  18  1:15  SCV  
  19  1:34  Marine  
  19  1:36  Orbital Command, Supply Depot  
  19  1:38  Factory  
  20  1:48  Barracks  
  20  1:52  Marine  
  21  2:02  SCV  
  21  2:04  Refinery  
  22  2:09  Marine  
  22  2:14  SCV  
  24  2:19  Supply Depot  
  24  2:24  Factory Tech Lab  
  24  2:26  SCV  
  24  2:27  Marine  
  26  2:35  Marine  
  27  2:43  Siege Tank  
  27  2:44  SCV  
  31  2:46  Marine  
  32  2:53  Marine  
  32  2:56  Supply Depot  
  32  2:57  SCV  
  34  3:04  Marine  
  35  3:11  Marine  
  36  3:14  SCV  
  36  3:17  Siege Tank  
  40  3:21  Marine  
  41  3:27  Supply Depot  
  41  3:28  Marine  
  42  3:38  SCV  
  42  3:39  Marine  
  44  3:50  Siege Tank  
  47  4:00  SCV  
  47  4:01  Command Center  
  48  4:05  Barracks Tech Lab  
  48  4:07  Barracks Tech Lab  
  48  4:12  SCV  
  48  4:16  Supply Depot  
  49  4:24  SCV  
  49  4:26  Marauder  
  49  4:28  Marauder  
  54  4:36  SCV  
  54  4:38  Stimpack  
  55  4:46  Ghost Academy  
  55  4:48  Marauder  
  56  4:59  Supply Depot  
  56  5:01  Marauder  
  58  5:09  Marauder  
  58  5:13  SCV  
  61  5:15  SCV  
  62  5:22  Marauder  
  62  5:25  SCV  
  62  5:27  SCV  
  66  5:30  Ghost  
  68  5:37  SCV  
  68  5:39  SCV  
  70  5:43  Ghost  
  70  5:49  SCV  
  73  5:51  SCV  
  73  5:52  Supply Depot  
  73  5:56  Combat Shield  
  73  5:59  Marauder  
  73  6:01  SCV  
  76  6:05  Refinery, SCV  
  77  6:12  Engineering Bay, Marauder  
  77  6:13  SCV  
  77  6:17  SCV  
  81  6:20  Marauder  
  81  6:23  Supply Depot  
  84  6:25  SCV  
  84  6:29  SCV  
  85  6:34  Marauder  
  85  6:37  SCV  
  85  6:39  Terran Infantry Weapons Level 1  
  88  6:41  SCV  
  88  6:44  Concussive Shells, Marauder  
  91  6:49  SCV  
  91  6:50  Supply Depot  
  91  6:53  SCV  
  93  6:55  Marauder  
  93  6:56  Command Center  
  95  7:04  SCV  
  95  7:05  Marauder  
  98  7:09  Engineering Bay  
  98  7:16  Barracks  
  98  7:17  Supply Depot  
  98  7:18  Marine  
  99  7:26  Starport, Marine  
  100  7:35  Terran Infantry Armor Level 1, Ghost  
  102  7:42  Supply Depot  
  102  7:44  Marine  
  103  7:55  Refinery  
  103  7:59  Orbital Command  
  103  8:02  Marine, Medivac  
  103  8:04  Missile Turret, Barracks Reactor, Ghost  
  108  8:08  SCV  
  108  8:09  SCV  
  110  8:18  Missile Turret  
  110  8:21  SCV  
  110  8:23  Missile Turret, SCV  
  110  8:26  SCV  
  113  8:32  Medivac  
  113  8:33  SCV  
  116  8:36  SCV  
  116  8:37  Marauder  
  116  8:38  SCV  
  107  8:41  Marine  
  107  8:43  Marine  
  107  8:45  Marine, SCV  
  107  8:48  SCV  
  112  8:51  SCV, Missile Turret  
  113  8:57  SCV  
  113  8:58  Barracks  
  113  9:00  SCV  
  115  9:03  Starport Reactor, SCV  
  115  9:05  Marine  
  115  9:06  Marine  
  115  9:07  Marine  
  115  9:09  Marine, SCV  
  121  9:12  SCV  
  121  9:15  SCV  
  123  9:18  Supply Depot  
  123  9:28  Missile Turret  
  123  9:36  Armory  
Tags
 
League
Silver
Matchup
TvT
Race
Terran
Spawn Locations
Cross Positions
Add a new tag
Caveats
  • Supply blocks, unpowered buildings, or Contaminate may cause inaccurate times.
  • Supply counts are checked every 10 seconds.